 Dungeon Crawl Stone Soup version 0.29.1-1-gd02db6906a (webtiles) character file.

Game seed: 8248976658878256713

23 vvl the Shield-Bearer (level 2, -3/29 HPs)
             Began as a Troll Fighter on Sept 27, 2022.
             Slain by a scorpion (6 damage)
             ... on level 2 of the Dungeon.
             The game lasted 00:01:02 (541 turns).

vvl the Shield-Bearer (Troll Fighter)                Turns: 541, Time: 00:01:03

Health: -3/29      AC:  4    Str: 23    XL:     2   Next: 75%
Magic:  1/1        EV:  8    Int:  4    God:
Gold:   58         SH:  7    Dex:  9    Spells: 1/1 levels left

rFire   . . .      SeeInvis .     - Unarmed
rCold   . . .      Faith    .   b - +0 kite shield
rNeg    . . .      Spirit   .   a - +0 robe
rPois   .          Reflect  .   (helmet restricted)
rElec   .          Harm     .   (no cloak)
rCorr   .          Rampage  .   (gloves unavailable)
Will    .....                   (boots unavailable)
Stlth   +.........              (no amulet)
HPRegen 0.89/turn               (no ring)
MPRegen 0.07/turn               (no ring)

@: lethally poisoned (-3 -> -4)
A: large, unfitting armour, claws 3, regeneration 1, shaggy fur 1, tough skin 1
a: no special abilities


You were on level 2 of the Dungeon.
You visited 1 branch of the dungeon, and saw 2 of its levels.

You collected 58 gold pieces.

Inventory:

Armour
 a - a +0 robe (worn)
 b - a +0 kite shield (worn)
Scrolls
 d - 3 scrolls of poison {unknown}
 f - a scroll of fear {unknown}
 g - a scroll of identify {unknown}
Potions
 c - 2 potions of might
 e - a potion of brilliance {unknown}


   Skills:
 + Level 2.5 Fighting
 + Level 0.3 Armour
 + Level 2.5 Dodging
 + Level 2.8 Shields
 + Level 2.1 Unarmed Combat
 + Level 0.3 Spellcasting
 + Level 0.3 Necromancy
 + Level 0.3 Earth Magic


You had one spell level left.
You didn't know any spells.
Your spell library was empty.

Dungeon Overview and Level Annotations

Branches:
Dungeon (2/15)

Altars:


Innate Abilities, Weirdness & Mutations

You are too large for most types of armour.
You have claws for hands.
Your natural rate of healing is unusually fast.
You are covered in fur. (AC +1)
You have tough skin. (AC +1)


Message History

Found a short sword.
A scorpion comes into view.
The worm barely misses you.
You scratch the worm.
The worm is moderately wounded.
You barely miss the worm.
The worm is moderately wounded.
The worm closely misses you.
You completely miss the worm.
The worm is lightly wounded.
The worm bites you but does no damage. You block the scorpion's attack.
You scratch the worm.
The worm is heavily wounded.
The scorpion stings you. The worm bites you.
You barely miss the worm.
The worm is moderately wounded.
You block the scorpion's attack. The scorpion barely misses you.
You claw the worm!
You kill the worm!
The scorpion stings you.
You are poisoned.
The scorpion poisons you!
You scratch the scorpion but do no damage.
You feel very sick. The scorpion stings you!
You are too injured to fight recklessly!
You are too injured to fight recklessly!
You are too injured to fight recklessly!
You barely miss the scorpion.
You feel sick.
The scorpion stings you but does no damage.
You scratch the scorpion but do no damage.
You feel sick. You block the scorpion's attack. The scorpion stings you.
* * * LOW HITPOINT WARNING * * *
You barely miss the scorpion.
You feel sick. The scorpion stings you.
* * * LOW HITPOINT WARNING * * *
You closely miss the scorpion.
You feel sick. You block the scorpion's attack.
You scratch the scorpion.
The scorpion is lightly wounded.
You feel sick. The scorpion barely misses you. The scorpion stings you.
You die...

#.. ... ..
.. #. .#
#.#### .#
.##....##s#
#........@)#
####.##.####
# #.# #.#
#.# #.. ###


You could see a scorpion.

Vanquished Creatures
  A worm (D:2)
  A dart slug (D:1)
  2 endoplasms (D:1)
  2 goblins (D:1)
  A hobgoblin (D:1)
  3 jackals (D:1)
  3 ball pythons (D:1)
  A bat (D:1)
  A frilled lizard (D:1)
  A kobold (D:1)
  3 rats (D:1)
19 creatures vanquished.

Notes
Turn   | Place    | Note
-------+----------+-------------------------------------------
     0 | D:1      | vvl the Troll Fighter began the quest for the Orb.
     0 | D:1      | Reached XP level 1. HP: 22/22 MP: 0/0
   224 | D:1      | Reached XP level 2. HP: 29/29 MP: 1/1
   529 | D:2      | Noticed a scorpion
   541 | D:2      | Slain by a scorpion

Illustrated notes

Levels and vault maps discovered:
D:1:      reono_arrival_forest_river, layout_basic, feat_on_display
D:2:      minmay_alternating_diamond, layout_loops_ring,
          dreamdust_ecumenical_altar_sealed_demon, basic_altar,
          minmay_split_cup_large

Action                   || total
-------------------------++-------
Melee: Unarmed           ||    50
Armor: Robe              ||    10
Dodge: Dodged            ||    14
Block: Kite shield       ||     8
